Map: Abiogenesis LE

Players

CinDra - Winner!

  • Race: Zerg Zerg
  • League: Gold
  • Spawn Location: 11:00

Murphy

  • Race: Protoss Protoss
  • League: Gold
  • Spawn Location: 5:00

VOD

Have the link to the VOD?

Description

Time

  • Played on: March 1, 2018, 10:42 p.m.
  • Length: 4:46
Show
View Real Time Build Order
Export as new Build Order

CinDra Zerg - Winner!

Build Orders: Pool First 

Get SALT Encoding   

  12  0:02  Drone  
  13  0:12  Overlord  
  13  0:17  Drone  
  14  0:31  Drone x2  
  17  0:35  Drone  
  17  0:42  Extractor  
  16  0:45  Drone  
  17  0:52  Spawning Pool  
  17  0:56  Drone  
  17  1:26  Hatchery  
  17  1:27  Drone  
  17  1:29  Drone  
  19  1:32  Drone  
  19  1:45  Queen  
  21  1:49  Zergling x2  
  22  1:56  Metabolic Boost  
  22  2:07  Roach Warren  
  21  2:14  Drone  
  22  2:17  Overlord  
  22  2:26  Overlord  
  22  2:47  Roach x2  
  22  2:48  Roach  
  28  2:53  Roach x2  
  32  3:03  Roach  
  32  3:04  Roach  
  36  3:08  Roach  
  36  3:10  Zergling x2  
  38  3:19  Zergling x2  
  39  3:20  Zergling x2  
  39  3:21  Overlord  
  40  3:28  Zergling x2  
  40  3:29  Zergling x2  
  42  3:34  Zergling x4  
  42  3:40  Overlord  
  44  3:47  Overlord  
  44  3:50  Zergling x2  
  45  4:05  Zergling x8  
  45  4:07  Zergling x2  
  50  4:11  Zergling x2  
Show
View Real Time Build Order
Export as new Build Order

Murphy Protoss 

Build Orders: 1 Gate Expand 

Get SALT Encoding   

  12  0:00  Probe  
  13  0:12  Probe  
  14  0:21  Pylon  
  14  0:25  Probe  
  15  0:40  Probe (Chrono Boost)  
  16  0:46  Gateway  
  16  0:49  Probe (Chrono Boost)  
  17  0:54  Probe (Chrono Boost)  
  18  1:06  Probe (Chrono Boost)  
  19  1:13  Probe (Chrono Boost)  
  20  1:20  Probe  
  21  1:26  Nexus  
  21  1:32  Pylon  
  21  1:34  Probe  
  22  1:44  Cybernetics Core  
  22  1:46  Probe  
  23  1:53  Assimilator  
  23  1:58  Assimilator  
  23  2:00  Zealot  
  25  2:02  Probe  
  26  2:14  Probe, Forge  
  27  2:31  Gateway  
  27  2:40  Gateway  
  27  2:41  Probe  
  28  2:46  Twilight Council  
  28  2:53  Probe (Chrono Boost)  
  28  2:58  Probe (Chrono Boost)  
  30  3:04  Probe (Chrono Boost)  
  31  3:08  Probe (Chrono Boost)  
  31  3:09  Assimilator  
  32  3:19  Probe  
  31  3:20  Zealot x2  
  35  3:28  Zealot  
  37  3:39  Shield Battery  
  37  3:43  Photon Cannon  
  37  3:47  Shield Battery  
  37  3:52  Photon Cannon  
  37  3:58  Shield Battery  
  37  3:59  Stalker  
  39  4:09  Probe (Chrono Boost)  
  40  4:17  Assimilator  
  40  4:19  Probe (Chrono Boost)  
  40  4:21  Probe (Chrono Boost)  
  42  4:24  Probe (Chrono Boost)  
  43  4:33  Probe  
Tags
 
Add a new tag
Caveats
  • Supply blocks, unpowered buildings, or Contaminate may cause inaccurate times.
  • Supply counts are checked every 10 seconds.